 Dungeon Crawl Stone Soup version 0.30-a0-618-gd6c86c23d0 (webtiles) character file.

Game seed: 2476489565051141745

741 voltaire321 the Charlatan (level 7, -5/51 (53) HPs)
             Began as a Demonspawn Artificer on Jan 10, 2023.
             Slain by an iguana (11 damage)
             ... on level 4 of the Dungeon.
             The game lasted 00:10:56 (3454 turns).

voltaire321 the Charlatan (Demonspawn Artificer)    Turns: 3454, Time: 00:10:56

HP:   -5/51 (53)    AC:  6    Str: 12    XL:     7   Next: 47%
MP:   11/11         EV: 12    Int: 13    God:
Gold: 177           SH:  0    Dex: 14    Spells: 11/11 levels left

rFire   . . .      SeeInvis .    t - +0 rapier
rCold   . . .      Faith    .    (no shield)
rNeg    + . .      Spirit   .    b - +0 leather armour
rPois   +          Reflect  .    (no helmet)
rElec   .          Harm     .    p - +2 ratskin cloak {*Rats rPois rN+ Str-1 Int-1 Dex+1}
rCorr   .          Rampage  .    (no gloves)
Will    +....                    (no boots)
Stlth   +                        (no amulet)
HPRegen 0.28/turn                k - ring of willpower
MPRegen 0.12/turn                (no ring)

@: lightly drained
A: claws 1, foul stench 2, demonic magic 1
a: no special abilities


You were on level 4 of the Dungeon.
You visited 1 branch of the dungeon, and saw 5 of its levels.

You collected 177 gold pieces.

Inventory:

Hand Weapons
 g - a +0 spear
 t - a +0 rapier (weapon)
Armour
 b - a +0 leather armour (worn)
 p - the +2 ratskin cloak (worn) {*Rats rPois rN+ Str-1 Int-1 Dex+1}
   (You found it on level 2 of the Dungeon)

   When the wearer is hurt, rats may emerge from it to assist them.
   Str:       It affects your strength (-1).
   Int:       It affects your intelligence (-1).
   Dex:       It affects your dexterity (+1).
   rPois:     It protects you from poison.
   rN:        It protects you from negative energy.
Jewellery
 k - a ring of willpower (left claw)
 q - a ring of protection from cold
 A - a ring of ice
Wands
 c - a wand of flame (11) (quivered)
 d - a wand of charming (14)
 e - a wand of iceblast (3)
 o - a wand of mindburst (14)
 w - a wand of polymorph (8)
Scrolls
 a - a scroll of poison {unknown}
 i - a scroll of teleportation {unknown}
 r - 4 scrolls of identify {unknown}
 s - a scroll of fog {unknown}
 v - a scroll of fear {unknown}
 y - a scroll of magic mapping {unknown}
 z - a scroll of amnesia {unknown}
 B - a scroll of enchant weapon {unknown}
Potions
 f - a potion of heal wounds {unknown}
 h - a potion of flight {unknown}
 j - 2 potions of brilliance {unknown}
 l - a potion of invisibility {unknown}
 m - a potion of attraction {unknown}
 n - a potion of ambrosia {unknown}
 u - a potion of curing {unknown}
 x - a potion of might {unknown}


   Skills:
 + Level 3.7 Fighting
 + Level 3.7 Armour
 + Level 3.3 Dodging
 - Level 0.8 Stealth
 + Level 2.9 Spellcasting
 + Level 4.8 Evocations


You had 11 spell levels left.
You didn't know any spells.
Your spell library contained the following spells:

 Spells                   Type           Power      Damage    Failure   Level
 Beastly Appendage        Tmut           2%         N/A       30%         1
 Sting                    Tmut/Pois      4%         1d3       30%         1
 Sublimation of Blood     Necr           1%         N/A       41%         2
 Wereblood                Tmut           1%         N/A       41%         2
 Spider Form              Tmut/Pois      1%         N/A       65%         3
 Petrify                  Tmut/Erth      1%         N/A       96%         4
 Irradiate                Conj/Tmut      0%         3d11      100%        5
 Yara's Violent Unravell  Hex/Tmut       0%         3d3       100%        5
 Discord                  Hex            0%         N/A       100%        8


Dungeon Overview and Level Annotations

Branches:
Dungeon (5/15)
 Temple: D:4-7

Altars:

Shops:
D:2 (


Innate Abilities, Weirdness & Mutations

You have sharp fingernails.
You sometimes emit foul miasma when damaged in melee.
Spells you cast may paralyse adjacent enemies.


Message History

You hit the iguana.
The iguana is moderately wounded.
The iguana barely misses you.
You barely miss the iguana.
The iguana is moderately wounded.
The iguana bites you!
* * * LOW HITPOINT WARNING * * *
A river rat scurries out from under your cloak.
You hit the iguana.
The iguana is heavily wounded.
The iguana closely misses you.
You barely miss the iguana.
The iguana is heavily wounded.
The iguana closely misses you.
Your river rat bites the iguana but does no damage.
The iguana closely misses your river rat.
You completely miss the iguana.
The iguana is heavily wounded.
Your river rat bites the iguana.
The iguana barely misses you.
You barely miss the iguana.
The iguana is severely wounded.
Your river rat bites the iguana but does no damage.
The iguana bites your river rat.
You closely miss the iguana.
The iguana is severely wounded.
Your river rat barely misses the iguana.
The iguana closely misses you.
Your river rat barely misses the iguana.
You hit the iguana.
The iguana is severely wounded.
The iguana barely misses you.
Your river rat barely misses the iguana.
You hit the iguana.
The iguana is severely wounded.
The iguana bites you!
* * * LOW HITPOINT WARNING * * *
A river rat scurries out from under your cloak.
Your river rat barely misses the iguana.
The iguana bites you!
You die...

.....#####......#......###### #.#
.....# #......#......# ######.#
.....# #......######## #....#..
###### #......##### #....#.# #
#..........# #....#.. #
#..........# #....#.. #
###..........# #....... #
#........r.r.# #.......
########........@l..# ##......
.......#............# #......
...###.#....####....# #......
...# #.#....####....#######......
##.###.#....#.##..........#......
...........................#####.
.....#.#....#.##....#####..# #.
.#.###)#....#.####.....(...#####.
##.# #.##........#..#####........


You could see an iguana (ally target) and 2 friendly river rats.

Vanquished Creatures
  Eustachio (D:4)
  2 phantoms (D:4)
  A scorpion (D:4)
  4 hounds
  A gnoll bouda (D:4)
  Ijyb (D:3)
  2 gnolls (D:4)
  4 adders
  A worm (D:2)
  2 dart slugs
  7 orcs
  3 endoplasms
  4 giant cockroaches
  10 goblins
  4 hobgoblins
  8 kobolds
  A quokka (D:1)
  10 ball pythons
  4 bats
  2 frilled lizards (D:3)
  4 rats
76 creatures vanquished.

Vanquished Creatures (collateral kills)
  A necrophage (D:4)
  A gnoll (D:4)
  An adder (D:4)
  2 endoplasms
  A giant cockroach (D:4)
6 creatures vanquished.

Vanquished Creatures (others)
  A gnoll (D:4)
1 creature vanquished.

Grand Total: 83 creatures vanquished

Notes
Turn   | Place    | Note
-------+----------+-------------------------------------------
     0 | D:1      | voltaire321 the Demonspawn Artificer began the quest for
                  | the Orb.
     0 | D:1      | Reached XP level 1. HP: 15/15 MP: 1/1
   116 | D:1      | Reached skill level 1 in Dodging
   244 | D:1      | Gained mutation: Spells you cast may paralyse adjacent
                  | enemies. [demonic ancestry]
   244 | D:1      | Reached XP level 2. HP: 7/21 MP: 2/2
   685 | D:2      | Gained mutation: You may rarely emit foul miasma when
                  | damaged in melee. [demonic ancestry]
   685 | D:2      | Reached XP level 3. HP: 13/27 MP: 3/3
   786 | D:2      | Found Vebbeac's Antique Weapon Shoppe.
   835 | D:2      | Reached XP level 4. HP: 12/33 MP: 3/5
   984 | D:2      | Found the +2 ratskin cloak {*Rats rPois rN+ Str-1 Int-1
                  | Dex+1}
  1165 | D:2      | Reached skill level 1 in Spellcasting
  1494 | D:3      | You fall into a shaft and drop 1 floor!
  1717 | D:4      | Noticed a phantom
  1767 | D:3      | Noticed Ijyb
  1769 | D:3      | Killed Ijyb
  1770 | D:3      | Discovered your monstrous ancestry.
  1770 | D:3      | Gained mutation: You have sharp fingernails. [demonic
                  | ancestry]
  1770 | D:3      | Reached XP level 5. HP: 39/39 MP: 5/7
  2178 | D:3      | Found a faded altar of an unknown god.
  2196 | D:3      | Got the Teachings on the Ill-fated Stinger
  2443 | D:4      | Killed a phantom
  2444 | D:4      | Reached skill level 4 in Evocations
  2478 | D:4      | Gained mutation: You sometimes emit foul miasma when
                  | damaged in melee. [demonic ancestry]
  2478 | D:4      | Reached XP level 6. HP: 46/46 MP: 8/8
  2722 | D:4      | Noticed Eustachio
  2743 | D:4      | Killed Eustachio
  2835 | D:4      | Reached XP level 7. HP: 36/52 MP: 10/10
  3437 | D:5      | Entered Level 5 of the Dungeon
  3454 | D:4      | Slain by an iguana

Illustrated notes

Levels and vault maps discovered:
D:1:      enne_arrival_octagon_isle, layout_rooms
D:2:      wander_river, layout_loops_ring, serial_shops, shop
D:3:      layout_loops_cross, hellmonk_ecumenical_altar_lost_god, uniq_ijyb
D:4:      layout_basic, uniq_eustachio
D:5:      layout_loops_ring, amethyst_killhole, hangedman_decor_opposing,
          corexii_leaking_fountain

Skill      XL: |  1  2  3  4  5  6 |
---------------+-------------------+-----
Dodging        | 1 2 3 |  3.3
Armour         | 2 3 |  3.7
Fighting       | 2 3 |  3.7
Spellcasting   | 1 2 |  2.9
Evocations     | 4 |  4.8
Stealth        | |  0.8

Action                   |  1- 3 |  4- 6 |  7- 9 || total
-------------------------+-------+-------+-------++-------
Melee: Spear             |   126 |    42 |       ||   168
       Punch             |     1 |     2 |     1 ||     4
       Rapier            |       |   154 |    56 ||   210
Evoke: Wand              |     4 |     6 |     2 ||    12
 Stab: Sleeping          |     4 |     1 |       ||     5
Armor: Leather armour    |    36 |    72 |    11 ||   119
Dodge: Dodged            |    79 |   133 |    45 ||   257

Table legend: (Time is in decaauts)
 A = Elapsed time spent in this place.
 B = Non-inter-level travel time spent in this place.
 C = Inter-level travel time spent in this place.
 D = Time resting spent in this place.
 E = Time spent auto-exploring this place.
 F = Levels seen in this place.
 G = Mean time per level.
                   A        B        C        D        E       F      G
               +--------+--------+--------+--------+--------+-----+--------+
         Total |   3528 |   3426 |    102 |    415 |   2027 |   5 |  705.6 |
       Dungeon |   3528 |   3426 |    102 |    415 |   2027 |   5 |  705.6 |
               +--------+--------+--------+--------+--------+-----+--------+

Top non-repeatable levels by time:
     D:4: 1292 daAuts
     D:2: 953 daAuts
     D:3: 705 daAuts
     D:1: 574 daAuts
     D:5: 2 daAuts
